Cogmind - Beta 15 @@@ ROGUE MODE // 2025.06.16 @ 21:39:28 Player: Andru7428 Result: Destroyed by XT-KKT(R) with Subdweller Machine Gun Performance ------------- Evolutions (0) 0 Regions Visited (2) 400 Robots Destroyed (31) 155 Value Destroyed (923) 923 Prototype IDs (2) 40 Alien Tech Used (0) 0 Bonus (0) 0 TOTAL SCORE: 1518 Bonus ------- None Cogmind --------- Core Integrity 0/250 Matter 173/300 Energy 265/265 System Corruption 0% Temperature Cool (0) Movement Treading (160) Location -10/Subcaves Parts ------- > --- POWER (1) -------- Improved Ion Engine > --- PROPULSION (2) --- Light Treads Light Treads > --- UTILITY (2) ------ Large Storage Unit Structural Scanner > --- WEAPON (2) ------- Battle Cannon Battle Cannon > --- INVENTORY (15) --- Light Treads Light Treads Heat Sink High-capacity Storage Unit Medium Matter Pod (100) Subdweller Optics Beam Cannon Beam Cannon Autogun Autogun Barrage Gun Rocket Launcher Rocket Launcher Hammer Peak State ------------ > --- POWER ------------ Improved Ion Engine > --- PROPULSION ------- Light Treads Light Treads > --- UTILITY ---------- Large Storage Unit Subdweller Optics > --- WEAPON ----------- Battle Cannon Battle Cannon > --- INVENTORY -------- Improved Ion Engine Light Treads Light Treads Heat Sink High-capacity Storage Unit Medium Matter Pod Structural Scanner Beam Cannon Beam Cannon Autogun Autogun Autogun Rocket Launcher Rocket Launcher Hammer [Rating: 13] Favorites ----------- Power Improved Ion Engine Engine Improved Ion Engine Propulsion Light Treads Treads Light Treads Leg Aluminum Leg Wheel Wheel Utility Seismic Detector Device Seismic Detector Storage Large Storage Unit Weapon Autogun Energy Gun Medium Laser Energy Cannon Beam Cannon Ballistic Gun Autogun Ballistic Cannon Battle Cannon Launcher Rocket Launcher Impact Weapon Hammer Build | -11 -10 -10 ------- Run | Yrd Mat Sub Slots Evolved . | . . . Power . | . . . Propulsion . | . . . Utility . | . . . Weapon . | . . . Parts Attached 33 | 7 18 8 Power 6 | 1 4 1 Engine 6 | 1 4 1 Core . | . . . Reactor . | . . . Propulsion 7 | 2 5 . Treads 4 | 2 2 . Leg 2 | . 2 . Wheel 1 | . 1 . Hover . | . . . Flight . | . . . Utility 7 | 2 3 2 Device 4 | 1 1 2 Storage 3 | 1 2 . Processor . | . . . Hackware . | . . . Protection . | . . . Artifact . | . . . Weapon 13 | 2 6 5 Energy Gun 2 | 2 . . Energy Cannon 2 | . 2 . Ballistic Gun 3 | . 2 1 Ballistic Cannon 2 | . . 2 Launcher 3 | . 1 2 Special Weapon . | . . . Impact Weapon 1 | . 1 . Slashing Weapon . | . . . Piercing Weapon . | . . . Special Melee Weapon . | . . . Unidentified Prototypes . | . . . Parts Lost 4 | . 2 2 Power 2 | . 1 1 Propulsion 1 | . 1 . Utility 1 | . . 1 Weapon . | . . . Highest Loss Streak 1 | . 1 1 To Critical Strikes . | . . . Average Backups 11 | 5 8 14 Power . | . . . Propulsion 2 | 3 2 2 Utility 2 | . 2 4 Weapon 5 | 1 3 7 Tool/Special . | . . . Unused Backups 12 | . 6 6 Power 1 | . 1 . Propulsion 4 | . 2 2 Utility 3 | . 1 2 Weapon 4 | . 2 2 Tool/Special . | . . . Average Slot Usage (%) 99 | . 99 99 Engine 14 | . 14 14 Treads 26 | . 26 28 Device 13 | . 14 13 Storage 14 | . 14 14 Energy Gun 5 | . 9 . Energy Cannon 3 | . 5 . Ballistic Gun 10 | . 9 11 Ballistic Cannon 7 | . . 16 Impact Weapon 1 | . 3 . Peak Build Rating 13 | 7 11 13 Average Rating 10 | 4 9 11 On Entrance 6 | . 7 11 Naked Turns . | . . . Heaviest Build 35 | 15 34 35 Greatest Support 40 | 40 40 40 Greatest Overweight (x) 2 | . 2 . Average Overweight (x) . | . . . Largest Inventory Capacity 15 | 8 15 15 Average Capacity 11 | 7 9 15 Most Carried 15 | 8 14 15 Average Carried 11 | 5 8 14 Final Capacity 15 | 8 15 15 Final Carried 14 | 7 14 14 Class Distribution -------------------- 100% | Mutant Dominant Class ---------------- Mutant | -10/Materials Mutant | -10/Subcaves Resources | -11 -10 -10 ----------- Run | Yrd Mat Sub Matter Collected 1138 | 217 656 265 Remotely . | . . . Salvage Created 1089 | 29 908 152 Parts 64 | 4 46 14 Haulers Intercepted 2 | . 2 . Recyclers Shooed 2 | . 2 . Parts Field Recycled . | . . . Retrieved Matter . | . . . Parts Self-Destructed 1 | . . 1 Prevented . | . . . Kills | -11 -10 -10 ------- Run | Yrd Mat Sub Combat Hostiles Destroyed 23 | . 15 8 Guns 12 | . 11 1 Cannons 6 | . 2 4 AOE 3 | . . 3 Classes Destroyed 7 | 1 6 . Worker 2 | . 2 . Tunneler 2 | 1 1 . Hauler 2 | . 2 . Recycler 1 | . 1 . Watcher 1 | . 1 . Grunt 13 | . 13 . Subdweller 10 | . 2 8 Best Kill Streak 5 | 1 5 3 Combat Bots Only 3 | . 3 3 Max Kills in Single Turn 1 | 1 1 1 Gunslinging . | . . . Exploded 1 | . . 1 Melee . | . . . Uniques/NPCs Destroyed . | . . . Combat | -11 -10 -10 -------- Run | Yrd Mat Sub Hostile Shots Fired 108 | . 82 26 Missed 28 | . 21 7 Hits 80 | . 61 19 Projectile 80 | . 61 19 Damage Taken 1393 | . 910 483 Core 254 | . 153 101 Absorbed by Shields . | . . . Regen/Repaired (Parts) 34 | . 34 . Core Remaining (%) 100 | 100 . . Volleys Fired 96 | 2 70 24 Largest 2 | 2 2 2 Hottest 120 | 90 120 66 Shots Fired 183 | 4 139 40 Gun 134 | 4 124 6 Cannon 40 | . 14 26 Launcher 9 | . 1 8 Special . | . . . Kinetic 94 | . 62 32 Thermal 47 | 2 45 . Explosive 9 | . 1 8 Electromagnetic 33 | 2 31 . Robot Hit Streak 18 | 1 18 14 Robot Miss Streak 3 | 2 3 1 Penetration Max . | . . . Secondary Targets . | . . . Shots Hit Robots 133 | 2 104 27 Core Hits 46 | 1 31 14 Critical Kills . | . . . Critical Parts Destroyed 2 | . 2 . Critical Strikes 5 | . 4 1 Burn 2 | . 2 . Blast 1 | . . 1 Smash 2 | . 2 . Melee Attacks 7 | . 7 . Impact 7 | . 7 . Slashing . | . . . Piercing . | . . . Sneak Attacks 2 | . 2 . Combat Hostiles 1 | . 1 . Follow-up Attacks . | . . . Damage Inflicted 2891 | 26 1764 1101 Guns 1406 | 26 1304 76 Cannons 625 | . 215 410 Explosions 693 | . 78 615 Melee 151 | . 151 . Ramming 16 | . 16 . Kinetic 1131 | . 645 486 Thermal 568 | 13 555 . Explosive 655 | . 40 615 Electromagnetic 370 | 13 357 . Impact 151 | . 151 . Slashing . | . . . Piercing . | . . . Highest Corruption . | . . . Average Corruption . | . . . Corruption Purged . | . . . Corruption Blocked . | . . . Overload Shots . | . . . Overflow Damage 159 | . 159 . Projectiles . | . . . Explosions 8 | . 8 . Melee 151 | . 151 . Knockbacks 3 | . 1 2 Impact 1 | . 1 . Kinetic 2 | . . 2 Secondary . | . . . Self-Inflicted Damage 24 | . . 24 Shots 1 | . . 1 Rammed 4 | . 4 . Targets Rammed 4 | . 4 . Kicked . | . . . Crushed . | . . . Highest Temperature 266 | 60 266 . Average Temperature 63 | 30 65 . Received Heat Transfer 474 | . 426 48 Effects 2 | . 2 . Interference 2 | . 2 . Siege Activations . | . . . Martial Activations . | . . . Shielding Activations . | . . . Robots Disrupted . | . . . Combat Hostiles . | . . . Robots Corrupted 2 | . 2 . Combat Hostiles 2 | . 2 . Parts Fried . | . . . Impact Corruptions 3 | . 3 . Robots Melted . | . . . Combat Hostiles . | . . . Parts Melted 5 | . 5 . Heat Transferred 1530 | 37 1493 . Parts Sabotaged . | . . . Parts Stolen . | . . . Parts Stripped . | . . . Power Chain Reactions 1 | . 1 . Alert | -11 -10 -10 ------- Run | Yrd Mat Sub Maximum Alert Level . | . . . Low Security (%) 100 | 100 100 . Level 1 . | . . . Level 2 . | . . . Level 3 . | . . . Level 4 . | . . . Level 5 . | . . . High Security . | . . . Max Security . | . . . Peak Influence 64 | 5 64 . Initial . | . . . Average 17 | . 18 . Influence Increases 518 | 5 513 . Destroy 0b10 Robot/C 260 | . 260 . Destroy 0b10 Robot/NC 40 | 5 35 . Destroy Leader 66 | . 66 . Successful Hack 45 | . 45 . Select Force Hacks 60 | . 60 . Destroy Structure 17 | . 17 . Partial Spotted 30 | . 30 . Influence Decreases 518 | 5 513 . Time Decay 476 | 5 471 . Lost Part 20 | . 20 . Purge Threat 22 | . 22 . Squads Dispatched 3 | . 3 . Investigation 2 | . 2 . Extermination . | . . . Reinforcement 1 | . 1 . Assault . | . . . Garrison . | . . . Intercept . | . . . Searches Triggered . | . . . Construction Impeded . | . . . Haulers Reinforced . | . . . Active Scanning Responses . | . . . Cargo Convoy Interrupts . | . . . Stealth | -11 -10 -10 --------- Run | Yrd Mat Sub Distress Signals 1 | . 1 . Communications Jammed . | . . . Distress Signals . | . . . Times Spotted 30 | . 21 9 Peak Tracking Total 3 | . 3 2 Tactical Retreats . | . . . Traps | -11 -10 -10 ------- Run | Yrd Mat Sub Traps Triggered 2 | . 1 1 Indirectly . | . . . Trap Hack Attempts . | . . . Triggered . | . . . Disarmed . | . . . Reprogrammed . | . . . Reused . | . . . Traps Extracted . | . . . Installed . | . . . Triggered . | . . . Machines | -11 -10 -10 ---------- Run | Yrd Mat Sub Machines Disabled . | . . . Max in Single Turn . | . . . Machines Repaired . | . . . Machines Dismantled . | . . . Machines Sabotaged . | . . . Overloaded Fab Kills . | . . . Hacking | -11 -10 -10 --------- Run | Yrd Mat Sub Machines Accessed 11 | . 11 . Terminals 8 | . 8 . Fabricators . | . . . Repair Stations 1 | . 1 . Recycling Units 2 | . 2 . Scanalyzers . | . . . Garrison Access . | . . . Total Hacks 26 | . 26 . Successful 16 | . 16 . Failed 9 | . 9 . Catastrophic 2 | . 2 . Database Lockouts 1 | . 1 . Manual 21 | . 21 . Terminals 20 | . 20 . Fabricators . | . . . Repair Stations 3 | . 3 . Recycling Units 3 | . 3 . Scanalyzers . | . . . Garrison Access . | . . . Terminal Hacks 4 | . 4 . Robot Analysis 1 | . 1 . Prototype ID Bank 1 | . 1 . Terminal Index 1 | . 1 . Unreport Threat 1 | . 1 . Fabricator Hacks . | . . . Repair Station Hacks 2 | . 2 . Scan Component 1 | . 1 . Repair 1 | . 1 . Recycling Unit Hacks . | . . . Scanalyzer . | . . . Garrison Access Hacks . | . . . Unauthorized Hacks 10 | . 10 . Terminals 8 | . 8 . Botnet 2 | . 2 . Skim 6 | . 6 . Fabricators . | . . . Repair Stations . | . . . Recycling Units 2 | . 2 . Tunnel 2 | . 2 . Scanalyzers . | . . . Garrison Access . | . . . Data Cores Recovered . | . . . Used . | . . . Hacking Detections 8 | . 8 . Full Trace Events . | . . . Feedback Events . | . . . Feedback Blocked . | . . . Robot Schematics Acquired . | . . . Robots Built . | . . . Authchips . | . . . Time . | . . . Total Robot Build Rating . | . . . Part Schematics Acquired . | . . . Parts Built . | . . . Authchips . | . . . Time . | . . . Total Part Build Rating . | . . . Parts Repaired 1 | . 1 . Time 26 | . 26 . Parts Recycled . | . . . Recycled Matter . | . . . Retrieved Matter . | . . . Retrieved Components . | . . . Parts Scanalyzed . | . . . Part Schematics Acquired . | . . . Parts Damaged . | . . . Bothacking | -11 -10 -10 ------------ Run | Yrd Mat Sub Used RIF Installer . | . . . Robots Hacked . | . . . Non-combat . | . . . Combat . | . . . Robot Hacks Applied . | . . . Relay Couplers Released . | . . . Fabnet Peak Effective % . | . . . Robots Rewired . | . . . Allies Hacked . | . . . Hacks Repelled . | . . . Allies | -11 -10 -10 -------- Run | Yrd Mat Sub Total Allies . | . . . Largest Group . | . . . Highest-Rated Group . | . . . Highest-Rated Ally . | . . . Total Orders . | . . . Ally Attacks . | . . . Total Damage . | . . . Kills . | . . . Allies Corrupted . | . . . Allies Melted . | . . . Intel | -11 -10 -10 ------- Run | Yrd Mat Sub Active Infowar (turns) 3066 | 47 1587 1432 Optics 337 | . . 337 Structural 365 | . . 365 Seismic 2364 | 47 1587 730 Robot Analysis Total 1 | . 1 . Derelict Logs Recovered 1 | . . 1 Drone Launches . | . . . Drone Recoveries . | . . . Exploration | -11 -10 -10 ------------- Run | Yrd Mat Sub Turns Passed 3398 | 113 1815 1470 Spaces Moved 1816 | 60 905 851 Core 9 | 9 . . Treads 1781 | 51 879 851 Legs 26 | . 26 . Wheels . | . . . Hover . | . . . Flight . | . . . Fastest Speed 50 | 50 120 160 Average Speed 159 | 143 159 160 Slowest Speed 260 | 160 260 160 Overloaded Moves . | . . . Propulsion Burnouts . | . . . Robots Hopped . | . . . Potential Cave-ins . | . . . Cave-ins Triggered . | . . . Exploration Rate (%) 53 | 4 93 62 Regions Visited 2 Branch Regions 1 Pre-discovered Areas 3 | . 3 . Known Exits Taken . | . . . Unknown Exits Taken 2 | 1 1 . Scrap Searched 4 | . . 4 Spaces Dug 3 | . 3 . Terrain Destroyed 68 | . 14 54 Melee 3 | . 3 . Projectile . | . . . AOE 65 | . 11 54 Terrain Rammed . | . . . Walls Destroyed . | . . . Machines Disabled . | . . . Actions | -11 -10 -10 --------- Run | Yrd Mat Sub Total 2131 | 81 1134 916 Wait 113 | 3 89 21 Move 1814 | 59 904 851 Hop . | . . . Pick Up 31 | 10 18 3 Fast Attach 6 | 4 1 1 Attach 6 | 3 2 1 Detach . | . . . Swap 37 | . 24 13 Drop 17 | . 15 2 Fire 96 | 2 70 24 Melee 7 | . 7 . Ram . | . . . Kick . | . . . Crush 4 | . 4 . Escape Stasis . | . . . Rewire . | . . . Trap . | . . . Miscellaneous . | . . . Route ------- -11/Scrapyard -10/Materials (discovered 6 exits: *Mat x3 / [*Min x2] / [*Sub]) -10/Subcaves (discovered 3 exits: *Mat x2 / Rec) History --------- Turn | Location | Event 2 | -11/Scrapyard | Met Revision 17 24 | -11/Scrapyard | Discovered new exit (range 16) 114 | -11/Scrapyard | Entered Materials 305 | -10/Materials | Build established: Mutant 429 | -10/Materials | Repaired EM Pulse Gun 633 | -10/Materials | Discovered new exit (range 5) 728 | -10/Materials | Central database locked down 800 | -10/Materials | Learned location of Mines (-10) 862 | -10/Materials | Learned Storage garrison access intel 909 | -10/Materials | Discovered new exit (range 9) 956 | -10/Materials | Loaded intel: 8 terminal locations 971 | -10/Materials | Discovered new exit (range 5) 989 | -10/Materials | Learned location of 1 exit from Recycling 1010 | -10/Materials | Learned location of 2 exits from Subcaves 1014 | -10/Materials | Derelicts attacked the area 1040 | -10/Materials | Identified exit to Materials 1170 | -10/Materials | Core integrity fell below 50% 1709 | -10/Materials | Discovered new exit (range 16) 1929 | -10/Materials | Entered Subcaves 1930 | -10/Subcaves | Identified exit to Materials 1931 | -10/Subcaves | Identified exit to Recycling 2468 | -10/Subcaves | Shifting Twisted Machinery released Sub. Power Source 2491 | -10/Subcaves | Shifting Twisted Machinery released Battle Cannon 2657 | -10/Subcaves | Learned Materials security intel 2883 | -10/Subcaves | Core integrity fell below 20% 3165 | -10/Subcaves | Shifting Twisted Machinery released Battle Rifle 3399 | -10/Subcaves | Disturbed a concealed Subdweller 3399 | -10/Subcaves | Destroyed by XT-KKT(R) with Subdweller Machine Gun Last Messages --------------- 02898_ Acquired 2 matter. 02973_ Acquired 5 matter. 03028_ O3-TG9(u) deconstructs Twisted Machinery. 03145_ Acquired 14 matter. Battle Rifle falls loose from the Twisted Machinery. 03173_ 6U-L50(R) suffers critical hit (Destroy). 03178_ 6U-L50(R) destroyed. 2K-2RL(R) emerges from concealment. 03195_ 2K-2RL(R) destroyed. 03195_ Imp. Ion Engine destroyed. 03199_ Destroyed Scrap Shield. 03202_ The unstable cave ceiling collapses. 03202_ 4E-PKX(R) destroyed. 03212_ The unstable cave ceiling collapses. 03217_ Scrap Shield Fragment crushed. 03220_ Acquired 24 matter. 03229_ The unstable cave ceiling collapses. 03399_ XT-KKT(R) angrily emerges from the Twisted Machinery. Map ----- +----------------------------------------------------+ | | | | | | | | | | | | | ???????????????????????????????????????????????? | | ???????????????????????????????????????????????? | | ???????????????????????????????????????????????? | | ???????????????????????????????????????????????? | | ???????????????????????????????????????????????? | | ???????????????????????????????????????????????? | | ???????????????????????????????????????????????? | | ???????????????????????????????????????????????? | | ???????????????????????????????????????????????? | | ???????????????????????????????????????????????? | | ???????????????????????????????????????????????? | | ???????????????????????????????????????????????? | | ???????????????????????????????????????????????? | | ?????????????????????????#####????????????###### | | ????????????????????#################????####### | | ???????????????????####### ##########???### | | ????????????????###### ####??## | | ????????????????##### ###??### | | ???????????## ### ##???### | | ???????????## #$#< @ ######## | | ???????????### R ### ######### | | ???????????##$&<##< ############# # | | ???????????## ?## ############ | | ???????????????### ## # # # | | ???????????????### #### | | ????????????????###### # # # # # ###### | | ????????????????####### ########### ###### | | ????????????????????#### ## ### ### ### ##### | | ?????????????????????### ??????##### | | ?????????????????????## ?????###### | | ?????????????????????### ###?????????#### | | ?????????????????????########?????????####### ## | | ??????????????????????######?????????????####### | | ????????????????????????????????????????????#### | | ??????????????????????????????????????????????## | | ??????????????????????????????????????????????## | | ?????????????????????????????????????????????### | | ?????????????????????????????????????????????## | | ?????????????????????????????????????????????### | | ?????????????????????????????????????????????### | | ??????????????????????????????????????????????## | | ???????????????????????????????????????????????# | | ???????????????????????????????????????????????? | | ???????????????????????????????????????????????? | +----------------------------------------------------+ Best States ------------- Heat Dissipation 35 Energy Generation 12 Energy Capacity 265 Matter Stores 300 Matter Capacity 300 Sight Range 21 Terrain Scan Density 10 Evasion (%) 55 Recoil Reduction 2 Item Schematics ----------------- None Robot Schematics ------------------ None Fabricated ------------ Nothing Repaired ---------- EM Pulse Gun | 24% | -10/Materials Alien Tech Used ----------------- None Achievements -------------- None Challenges ------------ None Game ------ Seed AuthchipCloakLog Manual? 0 Play Time 00:21:22 Cumulative 370.7 hours Start 2025.06.16 @ 21:22:44 End 2025.06.16 @ 21:39:28 Sessions 1 Manual Loads 0 Difficulty Rogue Special Mode None Game No. 231 Rogue 231 Adventurer 0 Explorer 0 Win Type - Total 8 Types 8/0/0/0/0/0/0/0/0/0 Lore% 77 Gallery% 74 Achievement% 68 Wizard Run 0 Options --------- Layout 1 ASCII 0 Keyboard 1 Movement Numpad Keybinds 0 Fullscreen 2 Font 24/Smallcaps Map View 50x35 Zoom Use 0% Tactical HUD 1 Map Filters NONE Filters NONE Steam 1 RUN: 23ed70a3-3bcc-4687-9d60-91c190d4c824